 Dungeon Crawl Stone Soup version 0.30-a0-1075-gcd70e7a56d (webtiles) character file.

Game seed: 1467674936346511761

69 jasper the Sneak (level 4, -1/21 HPs)
             Began as a Spriggan Enchanter on Apr 14, 2023.
             Was a Follower of Wu Jian.
             Killed from afar by Sigmund (13 damage)
             ... with a puff of flame
             ... on level 3 of the Dungeon.
             The game lasted 00:04:26 (1439 turns).

jasper the Sneak (Spriggan Enchanter)               Turns: 1439, Time: 00:04:27

Health: -1/21      AC:  2    Str:  4    XL:     4   Next: 2%
Magic:  1/9        EV: 17    Int: 18    God:    Wu Jian [*.....]
Gold:   75         SH:  0    Dex: 15    Spells: 3/8 levels left

rFire   . . .      SeeInvis +    a - +1 dagger
rCold   . . .      Faith    .    (no shield)
rNeg    . . .      Spirit   .    b - +0 robe
rPois   .          Reflect  .    (helmet restricted)
rElec   .          Rampage  .    (no cloak)
rCorr   .                        (gloves unavailable)
Will    .....                    (boots unavailable)
Stlth   +++                      (no amulet)
HPRegen 0.23/turn                (no ring)
MPRegen 0.11/turn                (no ring)

@: very slightly contaminated, very quick
A: very small, no large weapons, unfitting armour, see invisible, speed 3
a: Renounce Religion


You were on level 3 of the Dungeon.
You worshipped Wu Jian.
Wu Jian was aware of your devotion.
You visited 1 branch of the dungeon, and saw 3 of its levels.

You collected 75 gold pieces.

Inventory:

Hand Weapons
 a - a +1 dagger (weapon)
 e - a +0 shortbow
Armour
 b - a +0 robe (worn)
Jewellery
 l - an amulet of faith
Scrolls
 d - 2 scrolls of identify
 g - a scroll of brand weapon {unknown}
 j - a scroll of blinking
Potions
 c - 2 potions of invisibility
 f - 5 potions of curing
 h - 2 potions of attraction {unknown}
 i - a potion of resistance {unknown}
 k - a potion of might {unknown}


   Skills:
 + Level 3.1 Short Blades
 - Level 2.6 Dodging
 + Level 6.2 Stealth
 - Level 2.6 Spellcasting
 - Level 3.6 Hexes


You had 3 spell levels left.
You knew the following spells:

 Your Spells              Type           Power      Damage    Failure   Level
a - Ensorcelled Hibernat  Hex/Ice        16%        N/A       12%         2
b - Confusing Touch       Hex            15%        N/A       12%         3

Your spell library contained the following spells:

 Spells                   Type           Power      Damage    Failure   Level
 Tukima's Dance           Hex            15%        N/A       12%         3
 Dazzling Flash           Conj/Hex       16%        N/A       24%         3
 Inner Flame              Hex/Fire       8%         N/A       24%         3
 Yara's Violent Unravell  Hex/Tmut       4%         3d4       92%         5
 Enfeeble                 Hex            7%         N/A       100%        7


Dungeon Overview and Level Annotations

Branches:
Dungeon (3/15)

Altars:
Wu Jian

Annotations:
D:3 Sigmund


Innate Abilities, Weirdness & Mutations

You are very small and have problems with some larger weapons.
You are too small for most types of armour.
You have supernaturally acute eyesight. (SInv)
You cover ground extremely quickly. (Speed+++)


Message History

Sigmund the Dreaded comes into view.
He is wielding a +0 scythe and wearing a +2 robe of willpower.
MP restored: 9 Unknown command.
The helpless Sigmund fails to defend himself.
You impale Sigmund!!
Sigmund is almost dead.
Sigmund casts a spell at you. The magic dart hits you!
You take 10 damage, and have 11/21 hp.
MASSIVE DAMAGE!!
Aiming: Ensorcelled Hibernation (safe; 12% risk of failure)
Press: ? - help, Q - select action Shift-Dir - straight line, f - Sigmund
Aim: Sigmund, wielding a +0 scythe and wearing a +2 robe of willpower (almost dead, chance to affect: 18%) Sigmund resists with almost no effort.
Sigmund misses you.
You now have 7/9 mp.
Aiming: Ensorcelled Hibernation (safe; 12% risk of failure)
Press: ? - help, Q - select action Shift-Dir - straight line, f/p - Sigmund
Aim: Sigmund, wielding a +0 scythe and wearing a +2 robe of willpower (almost dead, chance to affect: 18%) Sigmund resists with almost no effort.
Sigmund misses you.
You now have 5/9 mp.
Aiming: Ensorcelled Hibernation (safe; 12% risk of failure)
Press: ? - help, Q - select action Shift-Dir - straight line, f/p - Sigmund
Aim: Sigmund, wielding a +0 scythe and wearing a +2 robe of willpower (almost dead, chance to affect: 18%) Sigmund resists with almost no effort.
You now have 3/9 mp.
Aiming: Ensorcelled Hibernation (safe; 12% risk of failure)
Press: ? - help, Q - select action Shift-Dir - straight line, f/p - Sigmund
Aim: Sigmund, wielding a +0 scythe and wearing a +2 robe of willpower (almost dead, chance to affect: 18%)
You miscast Ensorcelled Hibernation.
You are very lightly contaminated with residual magic.
Nothing appears to happen.
Sigmund completely misses you.
You now have 1/9 mp.
You hit Sigmund but do no damage.
Sigmund is almost dead.
Sigmund casts a spell at you. The puff of flame hits you!
Ouch! That really hurt!
You die...

#### ..###########
#.##........#
####.##..####..#
#..........##..#
#.##@##.(#..#..#
#.....@##........######
#.#.#.####.##.##.#.....
# ## #.............
#########.#### #.##..
#.##.# #.##.# #.....


You could see Sigmund.

Vanquished Creatures
  2 adders
  A worm (D:2)
  3 dart slugs (D:1)
  5 bats
  3 endoplasms
  A giant cockroach (D:1)
  2 goblins
  6 hobgoblins
  2 jackals (D:2)
  3 kobolds
  3 quokkas (D:1)
  2 ball pythons (D:1)
  4 frilled lizards
  2 rats
39 creatures vanquished.

Notes
Turn   | Place    | Note
-------+----------+-------------------------------------------
     0 | D:1      | jasper the Spriggan Enchanter began the quest for the Orb.
     0 | D:1      | Reached XP level 1. HP: 9/9 MP: 5/5
   197 | D:1      | You fall into a shaft and drop 1 floor!
   299 | D:1      | Reached skill level 5 in Stealth
   299 | D:1      | Reached XP level 2. HP: 11/13 MP: 6/6
   467 | D:1      | Learned a level 2 spell: Ensorcelled Hibernation
   500 | D:1      | Reached XP level 3. HP: 16/16 MP: 8/8
   504 | D:1      | Learned a level 3 spell: Confusing Touch
   735 | D:2      | Found a faded altar of an unknown god.
   837 | D:2      | Prayed at the altar of an unknown god.
   837 | D:2      | Became a worshipper of the Wu Jian Council
   837 | D:2      | Reached * piety under Wu Jian
  1121 | D:2      | Reached skill level 6 in Stealth
  1381 | D:3      | Reached XP level 4. HP: 21/21 MP: 9/9
  1430 | D:3      | Noticed Sigmund
  1439 | D:3      | Killed from afar by Sigmund

Illustrated notes

Levels and vault maps discovered:
D:1:      dpeg_arrival_tiny_j, layout_loops_ring
D:2:      layout_basic, hellmonk_ecumenical_altar_crossroads,
          serial_park_tiny_pond
D:3:      layout_loops_cross, gammafunk_ghost_grave, grunt_ministairs_5,
          uniq_jessica, uniq_sigmund

Skill      XL: |  1  2  3 |
---------------+----------+-----
Stealth        | 5 6 |  6.2
Short Blades   | 2 3 |  3.1
Dodging        | |  2.6
Spellcasting   | |  2.6
Hexes          | |  3.6

Action                     |  1- 3 |  4- 6 || total
---------------------------+-------+-------++-------
  Melee: Dagger            |    42 |     4 ||    46
   Fire: Shortbow          |    41 |       ||    41
   Cast: Ensorcelled Hiber |     5 |     5 ||    10
Ability: Lunge             |     6 |       ||     6
    Use: Scroll            |     3 |       ||     3
   Stab: Sleeping          |    12 |     2 ||    14
 Armour: Robe              |     1 |       ||     1
  Dodge: Dodged            |    27 |     5 ||    32

Table legend: (Time is in decaauts)
 A = Elapsed time spent in this place.
 B = Non-inter-level travel time spent in this place.
 C = Inter-level travel time spent in this place.
 D = Time resting spent in this place.
 E = Time spent auto-exploring this place.
 F = Levels seen in this place.
 G = Mean time per level.
                   A        B        C        D        E       F      G
               +--------+--------+--------+--------+--------+-----+--------+
         Total |   1003 |    981 |     22 |     50 |    667 |   3 |  334.3 |
       Dungeon |   1003 |    981 |     22 |     50 |    667 |   3 |  334.3 |
               +--------+--------+--------+--------+--------+-----+--------+

Top non-repeatable levels by time:
     D:1: 510 daAuts
     D:2: 390 daAuts
     D:3: 102 daAuts
